AoeStats
← Cinnamoroll

Black Forest

505991228Analyzed
4v4 RM · 21d ago on Sep 11, 2026· 39m 20s· 8 players
Game mode
Random Map
Map size
Large (8 player)
Population
200
Speed
Normal
Resources
Standard
Victory
Conquest
Starting age
Dark Age
Ending age
Imperial Age
RankedLock teamsTeams togetherTeam positionsShared explorationLock speedFull tech treeHidden civsTurbo modeCheats
Victory
Defeat
🇨🇳 Burgundians · China
1500
+14
🇺🇸 Mongols · United States
1495
+14
🇨🇦 Armenians · Canada
1494
+14
🇮🇳 Inca · India
1488
+15
🇲🇽 Japanese · Mexico
1501
-16
🇳🇿 Portuguese · New Zealand
1479
-15
🇲🇽 Wei · Mexico
1442
-14
🇺🇸 Byzantines · United States
1406
-12
__wArDadDy
6:33 Loom
10:58 Feudal Age
14:34 Castle Age
12:45 Double-Bit Axe
12:42 Horse Collar
13:01 Fishing Lines
15:37 Bow Saw
23:46 Wheelbarrow
24:01 Gillnets
28:58 Imperial Age
26:31 Scale Mail Armor
26:41 Forging
26:33 Squires
25:54 Champi Runner
26:21 Arson
26:04 Pikeman
27:39 Gold Mining
27:40 Stone Mining
27:51 Heavy Plow
28:08 Chain Mail Armor
27:14 Champi Warrior
28:17 Town Watch
29:09 Iron Casting
29:10 Onager
30:26 Plate Mail Armor
29:36 Elite Champi Warrior
31:04 Conscription
30:18 Halberdier
32:51 Blast Furnace
31:58 Fabric Shields
36:32 Elite Kamayuk
38:43 Masonry
39:34 Chemistry
38:26 Fletching
78088344
12:52 Feudal Age
13:57 Double-Bit Axe
16:29 Castle Age
18:55 Bow Saw
20:55 Horse Collar
21:51 Fishing Lines
23:19 Gillnets
24:04 Gold Mining
24:41 Heavy Plow
25:42 Two-Man Saw
29:09 Imperial Age
27:47 Scale Barding Armor
28:18 Wheelbarrow
27:31 Loom
28:55 Gold Shaft Mining
29:24 Chain Barding Armor
29:13 Padded Archer Armor
29:42 Hand Cart
30:55 Chemistry
30:16 Ballistics
30:38 Conscription
31:14 Leather Archer Armor
31:36 Coinage
33:22 Chain Barding Armor
33:13 Forging
32:33 Elite Coustillier
36:10 Plate Barding Armor
36:27 Town Watch
37:50 Hoardings
39:01 Masonry
39:50 Iron Casting
Cinnamoroll
0:43 Loom
15:03 Feudal Age
18:59 Castle Age
16:47 Double-Bit Axe
18:38 Fishing Lines
19:50 Bow Saw
19:51 Gillnets
21:53 Wheelbarrow
21:14 Horse Collar
21:34 Gold Mining
22:14 Heavy Plow
28:57 Imperial Age
26:36 Stone Mining
27:41 Sanctity
27:32 Fervor
28:12 Gold Shaft Mining
28:31 Redemption
28:50 Hand Cart
28:20 Town Watch
29:08 Fletching
29:54 Block Printing
30:04 Illumination
30:21 Theocracy
30:20 Masonry
30:32 Ballistics
31:38 Scale Mail Armor
31:39 Bodkin Arrow
32:23 Hoardings
32:09 Conscription
32:50 Bracer
35:11 Chemistry
35:36 Elite Composite Bowman
37:22 Padded Archer Armor
38:26 Leather Archer Armor
39:59 Ring Archer Armor
AlDebaran
1:05 Loom
14:06 Feudal Age
18:49 Castle Age
17:48 Fletching
18:45 Double-Bit Axe
19:28 Bodkin Arrow
25:37 Crossbowman
34:28 Padded Archer Armor
34:17 Fishing Lines
38:28 Imperial Age
36:18 Caravan
36:35 Horse Collar
37:20 Heavy Plow
37:41 Bow Saw
37:37 Gillnets
38:23 Gold Mining
38:25 Stone Mining
39:18 Bracer
40:20 Chemistry
Avila1997
0:44 Loom
13:28 Feudal Age
19:01 Castle Age
18:01 Double-Bit Axe
19:24 Horse Collar
20:24 Wheelbarrow
20:30 Bow Saw
20:18 Fishing Lines
25:27 Heavy Plow
25:18 Gold Mining
31:16 Imperial Age
29:27 Fletching
29:38 Padded Archer Armor
30:06 Stone Mining
30:33 Masonry
30:45 Ballistics
31:06 Hand Cart
30:54 Bodkin Arrow
31:14 Leather Archer Armor
31:57 Yasama
32:36 Parthian Tactics
31:48 Elite Skirmisher
32:42 Guard Tower
32:40 Heavy Cavalry Archer
34:00 Bracer
35:10 Keep
35:36 Thumb Ring
37:14 Chemistry
36:46 Ring Archer Armor
36:36 Capped Ram
TheFireKnight
7:18 Loom
12:26 Feudal Age
13:36 Double-Bit Axe
16:05 Castle Age
15:30 Fishing Lines
17:07 Bow Saw
17:07 Gillnets
17:12 Gold Mining
19:40 Horse Collar
21:21 Town Watch
22:40 Wheelbarrow
23:41 Hand Cart
23:55 Stone Mining
25:10 Heavy Plow
26:58 Stone Shaft Mining
26:58 Gold Shaft Mining
27:59 Gold Shaft Mining
32:06 Imperial Age
29:47 Scale Barding Armor
29:52 Forging
30:06 Tuntian
30:28 Caravan
30:58 Coinage
31:08 Chain Barding Armor
31:37 Iron Casting
31:37 Masonry
31:48 Ballistics
31:19 Fletching
32:18 Bloodlines
32:09 Husbandry
34:19 Blast Furnace
34:13 Ming Guang Armor
34:09 Conscription
34:13 Treadmill Crane
34:10 Elite Tiger Cavalry
36:24 Hoardings
38:05 Bodkin Arrow
39:55 Bracer
Not Ben
0:41 Loom
12:54 Feudal Age
17:13 Castle Age
15:32 Double-Bit Axe
16:26 Horse Collar
16:36 Gold Mining
16:44 Gold Mining
18:58 Bow Saw
22:24 Wheelbarrow
23:04 Stone Mining
24:33 Fishing Lines
28:53 Imperial Age
27:27 Fletching
27:38 Padded Archer Armor
28:19 Bodkin Arrow
28:55 Heavy Plow
29:40 Hand Cart
29:10 Town Watch
30:47 Chemistry
33:01 Crossbowman
34:08 Bracer
34:23 Leather Archer Armor
35:11 Arbalester
37:33 Ballistics
Bungo
12:51 Feudal Age
14:32 Double-Bit Axe
17:35 Castle Age
15:45 Fishing Lines
18:36 Bow Saw
18:25 Gold Mining
18:25 Horse Collar
21:51 Fletching
22:03 Loom
23:44 Wheelbarrow
24:36 Stone Mining
30:10 Imperial Age
28:25 Forging
28:21 Scale Barding Armor
30:24 Iron Casting
30:10 Chain Barding Armor
30:08 Heavy Plow
31:58 Two-Man Saw
31:10 Husbandry
32:58 Plate Barding Armor
33:06 Conscription
33:23 Coinage
32:54 Caravan
33:05 Guilds
34:20 Logistica
35:10 Elite Cataphract
36:48 Gold Shaft Mining
37:54 Hoardings
Connection lost

Rejoining the realm…

Still unreachable

The connection could not be restored.

Session expired

The server has moved on; the page needs a fresh start.